Unix NetHack Version 5.0.0-0 post-release - last build May  4 2026 22:22:43 (774f63e81ad911689b3a0859ea89b322d5daca8d,branch:main).

Game began 2026-05-06 09:50:03, ended 2026-05-06 10:09:23.

246786432, lawful female dwarven Cavewoman

                              -----
    -------                   |....#    ------------
    |=*==.|      -------      |...|Z   #.<.........|
    |====.|      |.....|      |...|@   #|..........|
    |====.|      |.....|      |...|e   #-----.------
    |=*==.|      |.....-######-...|    #    ##
    |====.-#     |%....|      -----    #    #
    -------#     |.....|               #    #
           #     ----|--               #   -.---       ------
           #      ####                 #   |...|   ####......##
           #      #                o   #   |....####   |....|
           #     [#                    #   |...|       |....|
           # #####              #------#   |._.|       ------
        ######                  #.....|#   |...|
        #---.--------- ##########|....|#   |...|
        #-...........| #        #|.....#   -----
         |............##        #....`|
         |...........|           ------
         -------------

246786432 the Aborigine  St:18 Dx:12 Co:18 In:9 Wi:9 Ch:9  Lawful
Dlvl:3  $:36 HP:0(38) Pw:8(8) AC:5  Xp:3 T:1285  Hungry  

Latest messages:
 You kill the jackal!
 You see here a jackal corpse.
 t - a jackal corpse.
 You hear someone cursing shoplifters.
 "Hello, 246786432!  Welcome again to Rovaniemi's jewelers!"
 You do not owe Rovaniemi anything.
 You hit the goblin.
 The goblin hits!
 You kill the goblin!
 You have a little trouble lifting a goblin corpse.  Continue? [ynq] (q) y
 You have a little trouble lifting u - a goblin corpse.
 Your movements are slowed slightly because of your load.
 What do you want to eat? [mops-u or ?*] ?
 This goblin corpse tastes terrible!
 You stop eating the goblin corpse.
 You kill the bat!
 You see here an iron skull cap.
 The bat bites!
 You kill the bat!
 You hear someone cursing shoplifters.
 What do you want to drop? [$a-ce-gl-u or ?*] ?
 You drop a jackal corpse.
 Your movements are now unencumbered.
 Your gecko corpse rots away.
 You hit the floating eye.
 You are frozen by the floating eye's gaze!
 You hear someone cursing shoplifters.
 You hear a chugging sound.
 You are beginning to feel hungry.
 Your floating eye corpse rots away.
 The dwarf zombie hits!
 The dwarf zombie hits!
 The dwarf zombie hits!
 The dwarf zombie hits!
 The dwarf zombie hits!
 The dwarf zombie hits!
 The dwarf zombie hits!
 The dwarf zombie hits!
 The dwarf zombie hits!
 The dwarf zombie hits!
 The dwarf zombie hits!
 The dwarf zombie hits!
 The dwarf zombie hits!
 The dwarf zombie hits!
 You die...
 Do you want your possessions identified? [ynq] (y) y
 Do you want to see your attributes? [ynq] (y) y
 Do you want an account of creatures vanquished? [ynaq] (y) y
 Do you want to see your conduct and achievements? [ynq] (y) y
 Do you want to see the dungeon overview? [ynq] (y) y

Inventory:
 Coins    ('$')
  $ - 36 gold pieces
 Weapons  (')')
  b - a +2 sling (weapon in right hand)
  r - a +0 orcish dagger
  a - a +1 club (alternate weapon; not wielded)
 Armor    ('[')
  n - an uncursed +0 orcish helm (being worn)
  g - an uncursed +0 pair of iron shoes (being worn)
  e - an uncursed +0 leather armor (being worn)
 Comestibles  ('%')
  o - 2 uncursed cram rations
  u - an uncursed partly eaten goblin corpse
  m - 2 uncursed lichen corpses
 Scrolls  ('?')
  q - an uncursed scroll of enchant weapon
 Tools    ('(')
  f - an uncursed tin whistle
 Gems/Stones  ('*')
  l - an uncursed garnet stone
  c - 17 uncursed flint stones (in quiver pouch)

246786432 the Cavewoman's attributes:

Background:
 You were an Aborigine, a level 3 dwarven Cavewoman.
 You were lawful, nominally on a mission for Anu
 who was opposed by Ishtar (neutral) and Anshar (chaotic).
 You were right-handed.
 You were in the Dungeons of Doom, on level 3.
 You entered the dungeon 1285 turns ago.
 You had 70 experience points, 10 more were needed to attain level 4.

Basics:
 You had 0 out of 38 hit points.
 You had all 8 energy points (spell power).
 Your armor class was 5.
 Your wallet contained 36 zorkmids.
 Autopickup was off.

Final Characteristics:
 Your strength was 18 (limit:18/100).
 Your dexterity was 12 (limit:20).
 Your constitution was 18 (limit:20).
 Your intelligence was 9 (limit:16).
 Your wisdom was 9 (limit:16).
 Your charisma was 9 (limit:16).

Final Status:
 You were hungry.
 You were unencumbered.
 You were wielding a sling.
 You had basic skill with sling.

Final Attributes:
 You were devoutly aligned.
 You had infravision.
 You were warded.
 You are dead.

Miscellaneous:
 You didn't encounter any bones levels.
 Total elapsed playing time was 19 minutes and 19 seconds.

Major events:
 Turn
    1: 246786432 the lawful dwarven Cavewoman entered the dungeon
  940: attained the rank of Aborigine (level 3)
 1285: killed by a dwarf zombie, while frozen by a floating eye's gaze

You didn't know any spells.

Skills:
 Fighting Skills
   bare handed combat [Basic]
 Weapon Skills
   dagger             [Unskilled]
   knife              [Unskilled]
   axe                [Unskilled]
   pick-axe           [Unskilled]
   club               [Basic]
   mace               [Unskilled]
   morning star       [Unskilled]
   flail              [Unskilled]
   hammer             [Unskilled]
   quarterstaff       [Unskilled]
   polearms           [Unskilled]
   spear              [Unskilled]
   trident            [Unskilled]
   bow                [Unskilled]
   sling              [Basic]
   boomerang          [Unskilled]
   unicorn horn       [Unskilled]
 Spellcasting Skills
   attack spells      [Unskilled]
   matter spells      [Unskilled]

Voluntary challenges:
 Character rerolling was not enabled.
 You were an atheist.
 You were illiterate.
 You never genocided any monsters.
 You never polymorphed an object.
 You never changed form.
 You used no wishes.
Achievements:
 You attained the rank of Aborigine.
 You entered a shop.

 The Dungeons of Doom: levels 1 to 3
    Level 1:
       An altar to Anu, some fountains, a sink.
    Level 2:
       A fountain.
    Level 3: <- You were here.
       A ring shop, an altar.
       Final resting place for
          you, killed by a dwarf zombie, while frozen by a floating eye's gaze.


Vanquished creatures:
  a floating eye
  2 red molds
  a gecko
  7 jackals
  a fox
  3 goblins
  2 sewer rats
  2 bats
  2 lichens
  2 newts
23 creatures vanquished.

No species were genocided or became extinct.

Game over:
                       ----------
                      /          \
                     /    REST    \
                    /      IN      \
                   /     PEACE      \
                  /                  \
                  |    246786432     |
                  |      36 Au       |
                  |   killed by a    |
                  |   dwarf zombie   |
                  |                  |
                  |                  |
                  |       2026       |
                 *|     *  *  *      | *
        _________)/\\_//(\/(/\)/\//\/|_)_______

Goodbye 246786432 the Cavewoman...

You died in The Dungeons of Doom on dungeon level 3 with 413 points,
and 36 pieces of gold, after 1285 moves.
You were level 3 with a maximum of 38 hit points when you died.

